 Dungeon Crawl Stone Soup version 0.30-a0-142-g7370640ec8 (webtiles) character file.

Game seed: 16491853013284851991

54 qw the Chopper (level 3, -1/23 HPs)
             Began as a Gargoyle Fighter on Sept 25, 2022.
             Slain by a gnoll
             ... wielding a +0 spear
              (4 damage)
             ... on level 2 of the Dungeon.
             The game lasted 00:00:23 (1380 turns).

qw the Chopper (Gargoyle Fighter)                   Turns: 1380, Time: 00:00:23

Health: -1/23      AC: 13    Str: 21    XL:     3   Next: 91%
Magic:  3/3        EV:  7    Int:  8    God:
Gold:   49         SH:  4    Dex:  9    Spells: 2/2 levels left

rFire   . . .      SeeInvis .    Y - +0 war axe
rCold   . . .      Faith    .    c - +0 buckler
rNeg    + . .      Spirit   .    e - +0 chain mail
rPois   inf        Reflect  .    (no helmet)
rElec   +          Harm     .    j - +0 cloak
rCorr   .          Rampage  .    (no gloves)
Will    .....                    (no boots)
Stlth   ..........               (no amulet)
HPRegen 0.07/turn                (no ring)
MPRegen 0.08/turn                (no ring)

@: no status effects
A: sickness immunity, AC +3, negative energy resistance 1, electricity
resistance, torment resistance 1, petrification resistance
a: no special abilities


You were on level 2 of the Dungeon.
You visited 1 branch of the dungeon, and saw 2 of its levels.

You collected 49 gold pieces.


Innate Abilities, Weirdness & Mutations

You are immune to sickness and miasma.
Your stone body is resilient. (AC +3)
You are immune to poison.
You resist negative energy. (rN+)
You are resistant to electric shocks. (rElec)
You are resistant to unholy torment.
You are immune to petrification.


   Skills:
 - Level 3.2 Fighting
 + Level 3.7 Axes
 - Level 3.2 Armour
 - Level 3.2 Shields


You had 2 spell levels left.
You didn't know any spells.
Your spell library was empty.

Inventory:

Hand Weapons
 l - a +1 whip of venom
 Y - a +0 war axe (weapon)
Armour
 c - a +0 buckler (worn)
 e - a +0 chain mail (worn)
 j - a +0 cloak (worn)
Potions
 d - a potion of might
 g - a potion of curing {unknown}
 k - a potion of brilliance {unknown}

Dungeon Overview and Level Annotations

Branches:
Dungeon (2/15)

Altars:

Shops:
D:1 !


Message History

The goblin hits you but does no damage.
A gnoll comes into view. It is wielding a +0 spear.
1365 ||| STAIRDANCE The goblin hits you but does no damage.
You climb upwards.
There is a stone staircase leading down here.
You slash the goblin!
You kill the goblin!
Done exploring.
(D) Dungeon
Where to? (* - list waypoints, Enter - D:2, ? - help)
What level of the Dungeon? (default 1, ? - help)
You climb downwards.
There is a stone staircase leading up here.
A gnoll is nearby!
Found 18 gold pieces.
The gnoll hits you from afar with a +0 spear.
You block the gnoll's attack.
You closely miss the gnoll. The gnoll hits you but does no damage.
You hit the gnoll but do no damage. The gnoll hits you but does no damage.
The gnoll hits you with a +0 spear.
You closely miss the gnoll. The gnoll hits you with a +0 spear.
You hit the gnoll.
The gnoll is lightly wounded.
The gnoll hits you but does no damage.
You hit the gnoll.
The gnoll is heavily wounded.
The gnoll hits you with a +0 spear. x2
You hit the gnoll but do no damage.
The gnoll is heavily wounded.
The gnoll hits you but does no damage.
You hit the gnoll.
The gnoll is almost dead.
The gnoll hits you with a +0 spear.
You barely miss the gnoll.
The gnoll is almost dead.
The gnoll barely misses you. The gnoll hits you with a +0 spear.
You die...

...............
...............
#........$.....
#..............
#............
#..........
#.....g..#
#......@.#
#.......>+
#........###.#+#
........<.......
..............>.
................
...............$
................
............#...


You could see a gnoll.

Vanquished Creatures
  2 gnolls (D:1)
  An adder (D:1)
  A dart slug (D:1)
  4 giant cockroaches (D:1)
  5 goblins (D:1)
  2 hobgoblins (D:1)
  2 kobolds (D:1)
  A quokka (D:1)
  A ball python (D:1)
  2 bats (D:1)
  A frilled lizard (D:1)
  2 rats (D:1)
24 creatures vanquished.

Vanquished Creatures (others)
  8 plants (D:1)
8 creatures vanquished.

Grand Total: 32 creatures vanquished

Notes
Turn   | Place    | Note
-------+----------+-------------------------------------------
     0 | D:1      | qw the Gargoyle Fighter began the quest for the Orb.
     0 | D:1      | Reached XP level 1. HP: 14/14 MP: 1/1
     0 | D:1      | 0 ||| qw: Version: 0.2-a-10-g399e6c4
     0 | D:1      | 0 ||| qw: Game counter: 426
     0 | D:1      | 0 ||| qw: Always use a shield: true
     0 | D:1      | 0 ||| qw: God list: Okawaru
     0 | D:1      | 0 ||| qw: Allow faded altars: false
     0 | D:1      | 0 ||| qw: Do Orc after D:15 true
     0 | D:1      | 0 ||| qw: Do second Lair branch before Depths: true
     0 | D:1      | 0 ||| qw: Lair rune preference: random
     0 | D:1      | 0 ||| qw: Plans: Normal, Zot:1-4, God:TSO, Crypt, Tomb,
                  | Pan, Slime:5, Hells, Abyss, Orb
     0 | D:1      | 0 ||| PLANNING D:1-11
     2 | D:1      | Noticed a human
     2 | D:1      | Noticed a ghoul
     4 | D:1      | Noticed a troll
     6 | D:1      | Noticed a formicid
     6 | D:1      | Noticed an elf
     8 | D:1      | Noticed a draconian
     8 | D:1      | Noticed a felid
    10 | D:1      | Noticed a naga
    12 | D:1      | Noticed a vampire
    12 | D:1      | Noticed a merfolk
    14 | D:1      | Noticed a meteoran
    14 | D:1      | Noticed a palentonga
    16 | D:1      | Noticed an octopode
    16 | D:1      | Noticed a minotaur
    18 | D:1      | Noticed a gargoyle
    20 | D:1      | Noticed a spriggan
    20 | D:1      | Noticed a demonspawn
    22 | D:1      | Noticed a demigod
    22 | D:1      | Noticed an ogre
    24 | D:1      | Noticed a minotaur
    24 | D:1      | Noticed a tengu
    26 | D:1      | Noticed a gargoyle
    26 | D:1      | Noticed a draconian
   101 | D:1      | Found a faded altar of an unknown god.
   289 | D:1      | 289 ||| Stepping ~*~*~tactically~*~*~ (stealth).
   425 | D:1      | Found Erealado's Distillery.
   433 | D:1      | 433 ||| SHOPLISTING 2 potions of mutation (224 gold, have
                  | 28).
   433 | D:1      | 433 ||| SHOPLISTING potion of attraction (42 gold, have
                  | 28).
   433 | D:1      | 433 ||| SHOPLISTING potion of curing (42 gold, have 28).
   433 | D:1      | 433 ||| SHOPLISTING potion of heal wounds (70 gold, have
                  | 28).
   433 | D:1      | 433 ||| SHOPLISTING potion of might (56 gold, have 28).
   433 | D:1      | 433 ||| SHOPLISTING potion of mutation (112 gold, have 28).
   473 | D:1      | Reached XP level 2. HP: 19/19 MP: 2/2
   541 | D:1      | 541 ||| Stepping ~*~*~tactically~*~*~ (water).
   719 | D:1      | 719 ||| Stepping ~*~*~tactically~*~*~ (stealth).
   720 | D:1      | 720 ||| Stepping ~*~*~tactically~*~*~ (stealth).
  1047 | D:1      | Reached skill level 3 in Axes
  1049 | D:1      | 1049 ||| DROPPING +0 whip.
  1139 | D:1      | 1139 ||| UPGRADING to +0 chain mail.
  1149 | D:1      | 1149 ||| DROPPING +0 scale mail.
  1150 | D:1      | 1150 ||| UPGRADING to +0 cloak.
  1155 | D:1      | 1155 ||| READING scroll labelled ARO HOMOEKUETH.
  1156 | D:1      | 1156 ||| DRINKING 2 fizzy grey potions.
  1260 | D:1      | 1260 ||| DROPPING potion of berserk rage.
  1295 | D:2      | 1295 ||| STAIRDANCE
  1301 | D:1      | Reached XP level 3. HP: 21/23 MP: 3/3
  1327 | D:2      | 1327 ||| STAIRDANCE
  1332 | D:2      | 1332 ||| STAIRDANCE
  1365 | D:2      | 1365 ||| STAIRDANCE
  1377 | D:2      | HP: 5/23 [gnoll/+0 spear (4)]
  1380 | D:2      | Slain by a gnoll

Levels and vault maps discovered:
D:1:      kb_arrival_jail, layout_loops_corners, serial_shops,
          nicolae_shop_waterfront, ebering_ecumenical_altar_box,
          kennysheep_small_spiral, serial_bayou_pond_c
D:2:      layout_basic

Skill      XL: |  1  2 |
---------------+-------+-----
Axes           | 2 3 |  3.7
Fighting       | |  3.2
Armour         | |  3.2
Shields        | |  3.2

Action                   || total
-------------------------++-------
Melee: War axe           ||    69
  Use: Scroll            ||     1
       Potion            ||     1
Armor: Scale mail        ||    21
       Chain mail        ||    25
Dodge: Dodged            ||    28
Block: Buckler           ||    15

Table legend:
 A = Non-vault XP
 B = Vault XP
 C = Vault XP percentage of total XP
 D = Non-vault monster count
 E = Vault monster count
 F = Vault count percentage of total count
                 A         B        C        D         E       F
            +---------+---------+-------+---------+---------+-------
      Total |      78 |       0 |   0.0 |      24 |       0 |   0.0
            +---------+---------+-------+---------+---------+-------
        D:1 |      78 |       0 |   0.0 |      24 |       0 |   0.0
            +---------+---------+-------+---------+---------+-------
